 Dungeon Crawl Stone Soup version 0.20-a0-454-g2b43fbb (console) character file.

7688 nht the Severer (level 11, -5/67 HPs)
             Began as a Barachian Berserker on Jan 9, 2017.
             Was a High Priest of Trog.
             Killed from afar by an electric eel (11 damage)
             ... with a bolt of electricity
             ... on level 10 of the Dungeon.
             The game lasted 00:18:51 (11718 turns).

nht the Severer (Barachian Berserker)              Turns: 11718, Time: 00:18:52

Health: -5/67      AC: 15    Str: 19      XL:     11   Next: 19%
Magic:  11/11      EV:  8    Int:  6      God:    Trog [*****.]
Gold:   566        SH:  0    Dex:  9 (10) Spells: 10/10 levels left

rFire  + . .     SeeInvis .     E - +2 war axe (freeze)
rCold  . . .     Gourm    .     J - +0 chain mail (curse)
rNeg   . . .     Faith    .     (no shield)
rPois  +         Spirit   .     A - +0 helmet
rElec  .         Reflect  .     t - +1 cloak {MR+}
rCorr  .         Harm     .     z - +0 pair of gloves
MR     +....                    (no boots)
Stlth  ..........               (no amulet)
                                l - ring of protection from fire
                                j - ring of poison resistance

@: exhausted, slowed, very slow
A: swims, slimy green scales 1, frail 1, poison resistance, slowness 1, strong
legs 1
a: Hop, Berserk, Trog's Hand, Brothers in Arms, Burn Spellbooks, Renounce
Religion


You were on level 10 of the Dungeon.
You worshipped Trog.
Trog was extremely pleased with you.
You were hungry.

You visited 1 branch of the dungeon, and saw 10 of its levels.

You collected 566 gold pieces.

Inventory:

Hand Weapons
 D - the cursed +2 hunting sling of Dishonour {freeze, rF+ Stlth+, unknown}
   (You found it on level 8 of the Dungeon)

   It causes projectiles fired from it to freeze those they strike, causing
   extra injury to most foes and up to half again as much damage against
   particularly susceptible opponents.
   They can also slow down cold-blooded creatures.
   It protects you from fire.
   It makes you more stealthy.
   It has a curse placed upon it.
 E - a +2 war axe of freezing (weapon)
Armour
 t - a +1 cloak of magic resistance (worn)
 z - a +0 pair of gloves (worn)
 A - a +0 helmet (worn)
 J - a cursed +0 chain mail (worn)
Jewellery
 j - a ring of poison resistance (left hand)
 l - a ring of protection from fire (right hand)
Wands
 g - a wand of scattershot (1/9)
 x - a wand of clouds (6/9)
Scrolls
 d - a scroll of fear
 p - 2 scrolls of teleportation
 r - 6 scrolls of fog
 s - a scroll of enchant weapon
 w - a scroll of enchant armour
 B - 8 scrolls of remove curse
 C - a scroll of recharging
 H - 2 scrolls of magic mapping
 I - a scroll of identify
Potions
 b - 2 potions of lignification
 e - 4 potions of curing
 i - 4 potions of cancellation
 k - 2 potions of heal wounds
 n - 3 potions of brilliance
 o - a potion of haste
 q - a potion of resistance
 F - 2 potions of agility
 K - 2 potions of flight
Comestibles
 a - 8 chunks of flesh
 c - 8 bread rations
 h - 10 meat rations
 u - a beef jerky
 v - 2 royal jellies


   Skills:
 - Level 3.2 Fighting
 + Level 16.1 Axes
 - Level 2.1 Armour
 - Level 2.0 Dodging


You had 10 spell levels left.
You didn't know any spells.

Dungeon Overview and Level Annotations

Branches:
Dungeon (10/15)            Temple (0/1) D:4             Orc (0/2) D:9
   Lair: D:8-11

Altars:
Ashenzari
Dithmenos
Elyvilon
Hepliaklqana
Okawaru
Qazlal
Trog
Uskayaw
Xom


Innate Abilities, Weirdness & Mutations

You can swim through water.
You cover ground slowly.
You can hop short distances.
You are partially covered in slimy green scales. (AC +2)
You are frail. (-10% HP)
Your system is resistant to poisons. (rPois)


Message History

The electric eel shoots out a bolt of lightning at you!
The bolt of electricity hits you!
* * * LOW HITPOINT WARNING * * *
The bolt of electricity hits something.
Your chain mail prevents you from hitting the electric eel.
You closely miss something. Something hits you but does no damage.
You closely miss the electric eel. You slash something! You freeze something.
Trog accepts your kill.
Trog appreciates your killing of a magic user.
Reactivating autopickup.
You feel a bit more experienced.
The electric eel shoots out a bolt of lightning at you!
The bolt of electricity hits you!
* * * LOW HITPOINT WARNING * * *
You are no longer berserk.
You are exhausted.
You feel yourself slow down.
The electric eel shoots out a bolt of lightning at you!
The bolt of electricity hits you!
You die...

███ ██████████.. ██
█.██...██.██
███.███████.█.██....██
████....).█.....)█...█..█
█...███)█..█████.(..███..
█>█..)█@███...████..███.
█..≈≈;.....≈≈. .███...
██≈≈≈≈≈≈≈≈≈;≈≈ ≈≈ ≈≈≈≈≈
█≈≈≈≈≈≈≈.≈≈≈≈≈≈≈≈≈≈≈≈≈≈≈≈
≈≈≈≈≈≈≈≈≈≈≈≈≈≈≈≈≈≈≈.≈≈≈≈≈
█≈≈≈≈≈≈≈≈≈≈≈≈≈≈≈≈≈≈≈≈≈≈█≈
≈≈≈≈≈≈≈≈;≈≈≈≈≈≈≈≈≈≈≈≈≈≈≈≈
███≈≈;≈≈≈≈≈≈≈≈≈≈ ≈
≈≈≈≈≈≈≈≈≈≈≈≈≈


You could see 4 electric eels.

Vanquished Creatures
  2 two-headed ogres
  Psyche (D:8)
  A troll (D:9)
  The ghost of bworf the Carver, an amateur MiGl (D:4)
  Prince Ribbit (D:6)
  A hippogriff (D:9)
  A wyvern (D:9)
  2 yaks (D:7)
  A water moccasin (D:5)
  Duvessa (D:4)
  2 orc warriors
  A phantom (D:9)
  4 ice beasts
  2 black bears
  A sky beast (D:7)
  3 centaurs
  4 ogres
  A crocodile (D:7)
  A bullfrog (D:6)
  A water moccasin skeleton (D:7)
  2 scorpions
  Dowan (D:4)
  9 wights
  9 killer bees
  4 howler monkeys
  7 electric eels
  3 crimson imps
  2 jellies
  2 quasits
  A bullfrog zombie (D:7)
  3 hounds
  5 orc priests
  A bullfrog skeleton (D:9)
  10 orc wizards
  2 centaur skeletons
  Crazy Yiuf (D:5)
  Terence (D:5)
  2 iguanas
  3 worker ants
  A hound skeleton (D:4)
  A worker ant zombie (D:5)
  A gnoll (D:2)
  16 adders
  2 shadow imps
  3 adder skeletons
  3 worms
  A dart slug (D:2)
  10 leopard geckos
  44 orcs
  3 giant cockroaches
  7 goblins
  5 hobgoblins
  17 jackals
  9 kobolds
  6 quokkas
  2 ball pythons
  10 bats
  6 frilled lizards
  A jackal skeleton (D:5)
  2 quokka skeletons
  4 rats
254 creatures vanquished.

Vanquished Creatures (collateral kills)
  Joseph (D:7)
  A yak (D:7)
  A worker ant (D:7)
  An adder (D:7)
4 creatures vanquished.

Vanquished Creatures (others)
  An orc (D:10)
  A quokka (D:7)
2 creatures vanquished.

Grand Total: 260 creatures vanquished

Notes
Turn   | Place    | Note
-------+----------+-------------------------------------------
     0 | D:1      | nht the Barachian Berserker began the quest for the Orb.
     0 | D:1      | Reached XP level 1. HP: 18/18 MP: 1/1
    46 | D:1      | Reached XP level 2. HP: 4/24 MP: 2/2
   631 | D:1      | Reached skill level 4 in Axes
   803 | D:1      | Reached XP level 3. HP: 24/29 MP: 3/3
   910 | D:1      | Reached ** piety under Trog
  1270 | D:2      | Found a shadowy altar of Dithmenos.
  1442 | D:2      | Reached XP level 4. HP: 27/35 MP: 4/4
  1502 | D:2      | Found a shimmering altar of Xom.
  1652 | D:2      | Reached skill level 5 in Axes
  1666 | D:2      | Found an iron altar of Okawaru.
  2026 | D:2      | Reached XP level 5. HP: 16/41 MP: 5/5
  2609 | D:3      | HP: 3/61 [orc/flail (4)]
  2634 | D:3      | Gained mutation: Your system is resistant to poisons. (rPois) [potion of mutation]
  2634 | D:3      | Gained mutation: You are partially covered in slimy green scales. (AC +2) [potion of mutation]
  2634 | D:3      | Gained mutation: You are frail. (-10% HP) [potion of mutation]
  2684 | D:3      | Found a hazy altar of Hepliaklqana.
  2917 | D:3      | Found a faded altar of an unknown god.
  2934 | D:3      | Reached *** piety under Trog
  2934 | D:3      | Reached skill level 6 in Axes
  3200 | D:3      | Noticed Terence
  3202 | D:3      | Found a stormy altar of Qazlal.
  3378 | D:3      | Found a shattered altar of Ashenzari.
  3628 | D:3      | Reached XP level 6. HP: 42/42 MP: 6/6
  3730 | D:4      | Noticed bworf's ghost (amateur MiGl)
  3830 | D:4      | Reached skill level 7 in Axes
  4029 | D:4      | Found a staircase to the Ecumenical Temple.
  4196 | D:4      | Reached XP level 7. HP: 46/46 MP: 7/7
  4280 | D:4      | Noticed Duvessa
  4280 | D:4      | Noticed Dowan
  4287 | D:4      | Killed Dowan
  4287 | D:4      | Reached skill level 8 in Axes
  4293 | D:4      | Killed Duvessa
  4509 | D:4      | Killed bworf's ghost
  4509 | D:4      | Reached skill level 9 in Axes
  4709 | D:4      | Reached XP level 8. HP: 26/52 MP: 8/8
  4893 | D:5      | Entered Level 5 of the Dungeon
  4897 | D:5      | Reached **** piety under Trog
  5008 | D:5      | Killed Terence
  5008 | D:5      | Reached skill level 10 in Axes
  5754 | D:5      | Found a runed door.
  6121 | D:5      | Noticed Crazy Yiuf
  6126 | D:5      | Killed Crazy Yiuf
  6475 | D:6      | Noticed Prince Ribbit
  6484 | D:6      | Killed Prince Ribbit
  6484 | D:6      | Reached skill level 11 in Axes
  6619 | D:6      | Reached XP level 9. HP: 57/57 MP: 9/9
  6951 | D:6      | Noticed a hand axe
  6951 | D:6      | Noticed a dagger
  6952 | D:6      | Found a hide-covered altar of Uskayaw.
  7035 | D:6      | Reached ***** piety under Trog
  7194 | D:7      | Found a stormy altar of Qazlal.
  7252 | D:7      | Reached skill level 12 in Axes
  7658 | D:7      | Noticed Joseph
  7670 | D:7      | Killed Joseph
  8236 | D:7      | Reached skill level 13 in Axes
  8518 | D:7      | Reached XP level 10. HP: 63/63 MP: 10/10
  8614 | D:7      | Found a white marble altar of Elyvilon.
  8914 | D:8      | Noticed Psyche
  8918 | D:8      | Noticed a two-headed ogre
  8921 | D:8      | Killed Psyche
  8921 | D:8      | Reached skill level 14 in Axes
  8929 | D:8      | Killed a two-headed ogre
  9204 | D:8      | Got a bloodstained hunting sling
  9244 | D:8      | HP: 2/94 [ice beast (12)]
 10076 | D:9      | Found a staircase to the Orcish Mines.
 10120 | D:9      | Reached skill level 15 in Axes
 10230 | D:9      | Found a bloodstained altar of Trog.
 10452 | D:9      | Noticed a two-headed ogre
 10461 | D:9      | Killed a two-headed ogre
 10524 | D:9      | Reached XP level 11. HP: 67/67 MP: 11/11
 11089 | D:10     | Entered Level 10 of the Dungeon
 11560 | D:10     | Reached skill level 16 in Axes
 11718 | D:10     | Killed from afar by an electric eel

Vault maps used:
D:1:      erik_arrival_triangle_medium
D:2:      old_standard_altar, okawaru_altar_gauntlet_db, lemuel_doored_altar
D:3:      overflow_temple_1_default, lemuel_crystal_altar,
          chequers_ecumenical_altar_island, grunt_qazlal_sundering, uniq_terence
D:4:      uniq_duvessa
D:5:      first_bread, uniq_crazy_yiuf_cottage
D:6:      black_bear_nest_1, dancing_weapons_uskayaw, uniq_prince_ribbit1
D:7:      basic_altar, elyvilon_altar_4, uniq_joseph
D:8:      uniq_psyche
D:9:      kennysheep_mini, orc_0_dummy
D:10:     erik_rubicon_a, serial_shops, shop, enter_trove_1,
          hangedman_little_slice_of_home

Skill      XL: |  1  2  3  4  5  6  7  8  9 10 11 |
---------------+----------------------------------+-----
Axes           | 4 5 6 7 9 11 13 15 16 | 16.1
Fighting       | |  3.2
Armour         | |  2.1
Dodging        | |  2.0

Action                   |  1- 3 |  4- 6 |  7- 9 | 10-12 || total
-------------------------+-------+-------+-------+-------++-------
Melee: Hand axe          |   108 |   118 |       |       ||   226
       War axe           |       |   117 |   332 |   194 ||   643
Invok: Berserk           |     4 |     8 |    16 |     8 ||    36
       Burn Spellbooks   |       |       |     1 |     1 ||     2
       Brothers in Arms  |       |       |     2 |       ||     2
 Abil: Hop               |       |     1 |       |     1 ||     2
Evoke: Wand              |       |       |     2 |    14 ||    16
  Use: Scroll            |     3 |     8 |     7 |     1 ||    19
       Potion            |       |     3 |       |     2 ||     5
  Eat: Chunk             |     4 |    19 |    30 |    16 ||    69
       Fruit             |       |       |     3 |       ||     3
       Beef jerky        |       |       |       |     1 ||     1
Armor: Animal skin       |    42 |    27 |       |       ||    69
       Leather armour    |       |    33 |    86 |    69 ||   188
       Chain mail        |       |       |       |    43 ||    43
       Skin              |       |       |       |     1 ||     1
Dodge: Dodged            |   104 |   157 |   171 |   101 ||   533
